 Dungeon Crawl Stone Soup version 0.18.1-5-g4a78601 (webtiles) character file.

25 mrAntonBest the Poker (level 3, -5/27 HPs)
             Began as a Merfolk Gladiator on May 9, 2016.
             Slain by a goblin (6 damage)
             ... led by Robin
             ... on level 2 of the Dungeon.
             The game lasted 00:03:53 (1148 turns).

mrAntonBest the Poker (Merfolk Gladiator)           Turns: 1148, Time: 00:03:54

Health: -5/27      AC:  4    Str: 15    XL:     3   Next: 6%
Magic:  3/3        EV: 13    Int:  7    God:
Gold:   84         SH:  0    Dex: 15    Spells: 0 memorised, 2 levels left

rFire  . . .     SeeInvis .     a - +0 trident
rCold  . . .     Gourm    .     b - +0 leather armour
rNeg   . . .     Faith    .     (no shield)
rPois  .         Spirit   .     c - +0 helmet
rElec  .         Dismiss  .     (no cloak)
rCorr  .         Reflect  .     (no gloves)
SustAt .         Harm     .     (no boots)
MR     .....                    (no amulet)
Stlth  +.........               (no ring)
                                (no ring)

@: not resistant to hostile enchantments, very unstealthy
A: change form in water, swift swim
a: no special abilities


You were on level 2 of the Dungeon.
You were not hungry.

You visited 1 branch of the dungeon, and saw 2 of its levels.

You collected 84 gold pieces.

Inventory:

Hand Weapons
 a - a +0 trident (weapon)
Missiles
 d - 2 throwing nets (quivered)
Armour
 b - a +0 leather armour (worn)
 c - a +0 helmet (worn)
Jewellery
 j - an uncursed amulet of regeneration {unknown}
Scrolls
 g - 2 scrolls of enchant armour {unknown}
 i - 2 scrolls of blinking {unknown}
 l - a scroll of magic mapping {unknown}
 o - 3 scrolls of enchant weapon {unknown}
 s - a scroll of remove curse {unknown}
 t - a scroll of identify {unknown}
Potions
 e - 2 potions of berserk rage {unknown}
 m - 2 potions of degeneration {unknown}
 n - 2 potions of curing
 p - a potion of haste {unknown}
 r - a potion of heal wounds {unknown}
Comestibles
 f - 3 bread rations
 h - 2 beef jerkies
 k - 2 meat rations
 q - 5 chunks of flesh


   Skills:
 - Level 2.1 Fighting
 + Level 6.0 Polearms
 - Level 2.0 Throwing
 - Level 4.0 Dodging


You had 2 spell levels left.
You didn't know any spells.

Dungeon Overview and Level Annotations

Branches:
Dungeon (2/15)

Altars:
Ashenzari
Makhleb
Xom

Annotations:
D:2 Robin


Message History

The goblin closely misses you.
Robin drinks a potion.
Robin is healed!
You hit Robin.
Robin is heavily wounded.
The goblin hits you.
Robin's bangles clink loudly.
Robin hits you with a trident!
* * * LOW HITPOINT WARNING * * *
You barely miss Robin.
Robin is heavily wounded.
The goblin hits you.
* * * LOW HITPOINT WARNING * * *
Robin closely misses you.
Throwing (i - inventory):
d - 3 throwing nets (quivered)
Press: ? - help, Shift-Dir - straight line, f - Robin
Aim: Robin, wielding a trident, wearing an animal skin and wearing a helmet (heavily wounded)
You throw a throwing net. The throwing net hits Robin.
Robin is caught in the net!
Robin is heavily wounded.
The goblin hits you.
You die...

..........#.#########.# ##....#.#
####........#########.#####..####
#.............g........##..# ##
......##.#..########........##8.
######. #.##....#####....##..##..
#.##.###.#....####>##.).#_..
#........####..........###..
#........)g.####.##....###8.
..........##@g....##.....##..
g#........#####.#.......##8.?
#.>......# #..##.......##..
#........####.###.......##8.
#.......................# ##
#........#..######......####
#........#.## ##............
#........#.####.............
#######.....................


You could see Robin (caught) and a goblin.

Vanquished Creatures
  A dart slug (D:2)
  2 bats
  A giant cockroach (D:2)
  5 goblins
  6 hobgoblins
  A quokka (D:2)
  A ball python (D:1)
  3 kobolds (D:1)
  A rat (D:2)
21 creatures vanquished.

Notes
Turn   | Place    | Note
--------------------------------------------------------------
     0 | D:1      | mrAntonBest the Merfolk Gladiator began the quest for the Orb.
     0 | D:1      | Reached XP level 1. HP: 16/16 MP: 1/1
   302 | D:1      | Reached skill level 5 in Polearms
   313 | D:1      | Reached XP level 2. HP: 21/22 MP: 2/2
   844 | D:2      | Found a shattered altar of Ashenzari.
   851 | D:2      | Found a burning altar of Makhleb.
   851 | D:2      | Found a shimmering altar of Xom.
   956 | D:2      | Noticed Robin
  1129 | D:2      | Reached skill level 6 in Polearms
  1129 | D:2      | Reached XP level 3. HP: 26/27 MP: 3/3
  1147 | D:2      | HP: 1/27 [goblin[Robin] (5)]
  1148 | D:2      | Slain by a goblin

Skill      XL: |  1  2 |
---------------+-------+-----
Polearms       | 5 6 |  6.0
Fighting       | |  2.1
Throwing       | |  2.0
Dodging        | |  4.0

Action                   || total
-------------------------++-------
Melee: Trident           ||    63
Throw: Throwing net      ||     1
  Eat: Chunk             ||     1
Armor: Leather armour    ||    12
Dodge: Dodged            ||    37
